 Dungeon Crawl Stone Soup version 0.29.1-15-g9cfb28693d (webtiles) character file.

Game seed: 14368738497220146878

253756 NeverExisted the Executioner (level 19, -5/195 HPs)
             Began as a Minotaur Berserker on Mar 19, 2023.
             Was a High Priest of Trog.
             Killed from afar by a ghostly deep elf annihilator (58 damage)
             ... with an iron shot
             ... on level 3 of the Elven Halls.
             The game lasted 02:19:44 (43349 turns).

NeverExisted the Executioner (Minotaur Berserker)  Turns: 43349, Time: 02:19:45

Health: -5/195     AC: 33    Str: 31    XL:     19   Next: 0%
Magic:  18/18      EV: 12    Int:  4    God:    Trog [*****.]
Gold:   1440       SH:  5    Dex:  9    Spells: 18/18 levels left

rFire   + + .      SeeInvis +   I - +5 executioner's axe
rCold   + . .      Faith    .   (shield currently unavailable)
rNeg    . . .      Spirit   .   d - +2 plate armour {rF+}
rPois   .          Reflect  +   K - +2 hat {SInv}
rElec   +          Harm     .   r - +2 cloak
rCorr   +          Rampage  .   y - +2 pair of gloves of the Eternal Void {rElec rC+ rCorr}
Will    +....      Clarity  +   R - +0 pair of boots
Stlth   ..........              f - amulet "Woiqil" {Reflect rElec SH+5}
HPRegen 0.42/turn               E - ring of protection from fire
MPRegen 0.16/turn               q - +4 ring of protection

@: lethally poisoned (-5 -> -26), on berserk cooldown, slowed, very slow
A: horns 2, retaliatory headbutt, clarity, screaming 1
}: 2/15 runes: decaying, gossamer
a: Renounce Religion, Berserk, Trog's Hand, Brothers in Arms


You were on level 3 of the Elven Halls.
You worshipped Trog.
Trog was extremely pleased with you.
You visited 7 branches of the dungeon, and saw 30 of its levels.

You collected 3104 gold pieces.
You spent 1664 gold pieces at shops.

Inventory:

Hand Weapons
 C - the +8 whip "Snakebite" {venom, curare, rPois}
   (You took it off Amaemon on level 8 of the Dungeon)

   It poisons the flesh of those it strikes.
   It occasionally inflicts asphyxiating poison on those it strikes, dealing
   poison damage and causing slowness.
   rPois:     It protects you from poison.
 D - a +2 executioner's axe of flaming
 I - a +5 executioner's axe (weapon)
Missiles
 P - 11 curare-tipped darts (quivered)
 T - 2 throwing nets
Armour
 d - a +2 plate armour of fire resistance (worn)
 r - a +2 cloak (worn)
 y - the +2 pair of gloves of the Eternal Void (worn) {rElec rC+ rCorr}
   (You found it on level 4 of the Spider Nest)

   rC:        It protects you from cold.
   rElec:     It insulates you from electricity.
   rCorr:     It protects you from acid and corrosion.
 A - +0 swamp dragon scales
 K - a +2 hat of see invisible (worn)
 R - a +0 pair of boots (worn)
Jewellery
 e - an amulet of regeneration
 f - the amulet "Woiqil" (around neck) {Reflect rElec SH+5}
   (You acquired it on level 4 of the Dungeon)

   [amulet of reflection]

   It reflects blocked missile attacks.
   rElec:     It insulates you from electricity.
   SH:        It affects your SH (+5).
 h - an amulet of guardian spirit
 q - a +4 ring of protection (right hand)
 t - the ring "Naasoaj" {rPois rCorr MP+9 Str-5 Dex+2}
   (You bought it in a shop on level 3 of the Elven Halls)

   [ring of poison resistance]

   Str:       It affects your strength (-5).
   Dex:       It affects your dexterity (+2).
   rPois:     It protects you from poison.
   MP:        It affects your magic capacity (+9).
   rCorr:     It protects you from acid and corrosion.
 z - a ring of flight
 E - a ring of protection from fire (left hand)
 G - a ring of protection from fire
 H - a ring of protection from cold
 S - a ring of protection from cold
Wands
 a - a wand of roots (14)
 n - a wand of polymorph (4)
 B - a wand of flame (74)
 J - a wand of paralysis (38)
 M - a wand of digging (7)
 U - a wand of mindburst (8)
 Z - a wand of acid (6)
Scrolls
 c - 5 scrolls of fog
 g - 9 scrolls of teleportation
 j - 4 scrolls of blinking
 m - 16 scrolls of identify
 s - 4 scrolls of poison
 v - 2 scrolls of silence
 N - a scroll of magic mapping
 Q - a scroll of fear
 W - 6 scrolls of immolation
Potions
 i - 6 potions of haste
 k - 14 potions of curing
 o - 4 potions of heal wounds
 p - 11 potions of might
 u - 5 potions of cancellation
 w - 2 potions of invisibility
 F - 14 potions of ambrosia
 X - 3 potions of flight
 Y - a potion of resistance
Miscellaneous
 l - a phantom mirror
 x - a box of beasts
 L - a condenser vane
 V - a phial of floods


   Skills:
 + Level 23.0 Fighting
 + Level 23.1 Axes
 + Level 12.5 Throwing
 + Level 14.8 Armour
 + Level 13.8 Dodging
 - Level 6.0 Evocations


You had 18 spell levels left.
You didn't know any spells.
Your spell library was empty.

Dungeon Overview and Level Annotations

Branches:
Dungeon (12/15) Zot: 21425  Temple (1/1) D:5 Zot: 5925    Lair (4/5) D:11 Zot: 18446
  Swamp (4/4) Lair:2 Zot: 16558  Spider (4/4) Lair:2 Zot: 17125   Slime (0/5) Lair:4
    Orc (2/2) D:9 Zot: 9237     Elf (3/3) Orc:2 Zot: 13097

Altars:
Ashenzari
Cheibriados
Dithmenos
Elyvilon
Fedhas
Gozag
Hepliaklqana
Kikubaaqudgha
Makhleb
Nemelex Xobeh
Okawaru
Qazlal
Ru
Sif Muna
Trog
Uskayaw
Vehumet
Wu Jian
Xom
Yredelemnul
Zin
The Shining One
Jiyva

Shops:
D:4 (   D:8 (   Orc:2 [:!*   Elf:3 :==

Portals:
Pandemonium: Orc:2

Annotations:
D:12 6 transporters
Elf:2 3 runed translucent doors


Innate Abilities, Weirdness & Mutations

You have a pair of horns on your head.
You reflexively headbutt those who attack you in melee.
You possess an exceptional clarity of mind.
You occasionally shout uncontrollably at your foes.


Message History

The deep elf sorcerer seems to speed up.
You see here 2 javelins.
Throw: 13 darts (curare)
Press: ? - help, Q - select action, (/) - cycle Shift-Dir - straight line, f - deep elf annihilator
Aim: a deep elf annihilator, wielding a +1 quarterstaff of speed and wearing a ring of resist corrosion (almost dead, 65% to hit)
You throw a curare-tipped dart.
The curare-tipped dart barely misses the deep elf annihilator.
You feel sick.
Throw: 12 darts (curare)
Press: ? - help, Q - select action, (/) - cycle Shift-Dir - straight line, f/p - deep elf annihilator
Aim: a deep elf annihilator, wielding a +1 quarterstaff of speed and wearing a ring of resist corrosion (almost dead, 65% to hit)
You throw a curare-tipped dart.
The curare-tipped dart hits the deep elf annihilator.
The deep elf annihilator is poisoned.
The deep elf annihilator convulses.
The deep elf annihilator seems to slow down.
The deep elf annihilator is almost dead.
You feel sick.
The deep elf annihilator is no longer moving slowly.
The deep elf annihilator looks more healthy.
Something assumes the form of the deep elf annihilator and becomes anchored to this world!
The deep elf death mage gestures at you while chanting.
The bolt of negative energy hits the ghostly deep elf annihilator.
The ghostly deep elf annihilator completely resists.
The bolt of negative energy hits you but does no damage.
You feel sick.
The ghostly deep elf annihilator points at you and mumbles some strange words.
The poison arrow hits you!!!
You are more poisoned.
* * * LOW HITPOINT WARNING * * *
A deep elf elementalist comes into view.
It is wielding a +0 long sword.
You miss the ghostly deep elf annihilator.
Your skin stops crawling.
You feel less strong-willed.
You feel extremely sick.
The ghostly deep elf annihilator hits you but does no damage.
The deep elf sorcerer gestures at you while chanting.
The bolt of acid hits you!! You resist.
* * * LOW HITPOINT WARNING * * *
The ghostly deep elf annihilator points at you and mumbles some strange words.
The iron shot hits you!!!
You die...

#...###....#
#..).##....#
##...##....## .
#....##....# ..
#.....##...# ##.(.
##....#.#..# ####.e(#
#...))#...#####.(.)(#
##..........)e(e..#
###.......(@e...##
####.(.....e.....#
###############


You could see a ghostly deep elf annihilator, a deep elf death mage, a deep elf
sorcerer (fast), a deep elf elementalist (repels missiles) and a deep elf
demonologist.

Vanquished Creatures
  Arachne (Spider:2)
  A deep elf blademaster (Elf:3)
  A deep elf master archer (Elf:3)
  Gastronok (Lair:1)
  A fenstrider witch (Swamp:4)
  A frost giant (D:12)
  Aizul (Spider:1)
  2 orc warlords
  5 deep elf sorcerers
  3 emperor scorpions
  Louise (Swamp:1)
  2 ghost moths
  3 deep elf elementalists (Elf:3)
  The ghost of Pegasus the Convoker, an adept OpFE of Sif Muna (Swamp:1)
  4 entropy weavers
  2 deep elf demonologists (Elf:3)
  4 eleionomae
  6 broodmothers
  3 bunyips
  4 deep elf annihilators
  2 spark wasps (Spider:4)
  4 ettins (D:12)
  An ettin (shapeshifter) (Elf:1)
  4 deep elf death magi
  4 deep elf high priests (Elf:3)
  3 fire dragons (Swamp:4)
  17 hydras
  A boulder beetle (Spider:1)
  A demonspawn (Orc:2)
  Fannar (D:10)
  A jorogumo (Spider:1)
  Erica (Lair:1)
  3 two-headed ogres
  4 ghost crabs
  3 radroaches
  9 death yaks
  14 alligators
  A death scarab (Spider:3)
  17 dancing weapons
  A titan zombie (D:12)
  6 orc high priests
  20 deep elf knights
  Sonja (Lair:2)
  Amaemon (D:8)
  A fire crab (Swamp:4)
  A fire crab (shapeshifter) (Elf:2)
  4 pharaoh ants
  11 orb spiders
  A sun moth (Spider:3)
  9 goliath frogs
  7 steelbarb worms
  7 swamp dragons
  6 orc knights
  14 deep elf archers
  3 spriggan druids
  2 bog bodies (Swamp:3)
  26 deep elf pyromancers
  28 deep elf zephyrmancers
  2 lindwurms
  2 manticores
  2 stone giant zombies (D:12)
  8 orc sorcerers
  16 cyclopes
  33 wolf spiders
  3 will-o-the-wisps
  10 elephants
  A rust devil (Orc:2)
  A guardian serpent (shapeshifter) (Spider:1)
  4 torpor snails
  8 cane toads
  A gargoyle (D:12)
  An orange demon (D:8)
  2 unseen horrors
  7 demonic crawlers
  A rime drake (Lair:2)
  3 komodo dragons
  An ice devil (Orc:2)
  A hellwing (Orc:2)
  5 trolls
  4 bloated husks
  A queen bee (D:11)
  5 hornets
  2 polar bears
  16 tarantellas
  10 tyrant leeches
  9 slime creatures (D:12)
  8 spriggans
  32 jumping spiders
  15 culicivoras
  3 air elementals
  3 water elementals
  2 wraiths
  5 wyverns
  A vampire (D:10)
  A ynoxinul (Orc:2)
  2 shadows
  22 yaks
  3 basilisks (Lair:2)
  Eustachio (D:6)
  2 fire elementals (Elf:2)
  A basilisk (shapeshifter) (Elf:1)
  53 redbacks
  10 vampire mosquitoes
  4 steam dragons
  8 wargs
  10 swamp worms
  5 acid dragons
  14 water moccasins
  13 swamp drakes
  A black bear (D:6)
  40 orc warriors
  3 sky beasts
  11 ogres
  46 wolves
  3 centaurs
  A phantom (D:5)
  2 kobold brigands
  3 bullfrogs
  A gnoll sergeant (D:12)
  A cyclops zombie (D:12)
  An earth elemental (Elf:1)
  3 necrophages
  2 scorpions
  13 wights
  29 killer bees
  2 howler monkeys
  3 electric eels
  2 gnoll boudas
  3 hounds
  5 jellies
  25 orc priests
  Jessica (D:2)
  7 iguanas
  Natasha (thrice) (D:2)
  20 orc wizards
  15 gnolls
  8 adders
  2 shadow imps
  3 white imps
  An ufetubus (D:7)
  2 worms (D:3)
  3 dart slugs
  102 orcs
  5 bats
  7 endoplasms
  3 giant cockroaches
  7 goblins
  2 hobgoblins (D:2)
  2 jackals (D:4)
  4 ball pythons
  8 frilled lizards
  24 kobolds
  9 rats
  A fire vortex (Swamp:4)
1103 creatures vanquished.

Vanquished Creatures (collateral kills)
  Bai Suzhen (Elf:3)
  A deep elf elementalist (Elf:3)
  2 deep elf demonologists
  A hydra (D:11)
  2 dancing weapons (Elf:3)
  A deep elf knight (Elf:2)
  A sun moth (Spider:1)
  A wolf spider (Spider:1)
  3 deep elf zephyrmancers (Elf:2)
  A deep elf pyromancer (Elf:1)
  An orc knight (Orc:2)
  A gargoyle (D:12)
  A fire elemental (Elf:2)
  2 orc warriors (Orc:2)
  2 earth elementals (Elf:2)
  2 orc priests (Orc:2)
  4 orcs (Orc:2)
27 creatures vanquished.

Vanquished Creatures (others)
  An eldritch tentacle (Swamp:1)
  A deep elf knight (Elf:2)
  2 swamp dragons (Swamp:4)
  A lindwurm (Swamp:4)
  A steam dragon (Swamp:4)
  A swamp drake (Swamp:4)
  10 foxfires
  15 fungi
  15 plants
47 creatures vanquished.

Grand Total: 1177 creatures vanquished

Notes
Turn   | Place    | Note
-------+----------+-------------------------------------------
     0 | D:1      | NeverExisted the Minotaur Berserker began the quest for the
                  | Orb.
     0 | D:1      | Reached XP level 1. HP: 19/19 MP: 0/0
    87 | D:1      | HP: 1/20 [poisoned by a kobold]
   626 | D:1      | Reached XP level 2. HP: 23/27 MP: 1/1
   738 | D:1      | Found a faded altar of an unknown god.
  1213 | D:2      | Noticed Jessica
  1219 | D:2      | Killed Jessica
  1220 | D:2      | Reached XP level 3. HP: 34/34 MP: 2/2
  1591 | D:2      | Reached XP level 4. HP: 26/41 MP: 3/3
  1769 | D:2      | Noticed Natasha
  1775 | D:2      | Killed Natasha
  1776 | D:2      | Reached skill level 5 in Fighting
  1776 | D:2      | Reached skill level 5 in Axes
  1777 | D:2      | Reached ** piety under Trog
  1842 | D:2      | Noticed Natasha
  1860 | D:2      | Killed Natasha
  2020 | D:2      | Noticed Natasha
  2028 | D:2      | Killed Natasha
  2029 | D:2      | Reached XP level 5. HP: 48/48 MP: 4/4
  3219 | D:3      | Found a basalt altar of Yredelemnul.
  3332 | D:3      | Reached XP level 6. HP: 57/57 MP: 5/5
  4102 | D:4      | Reached *** piety under Trog
  4438 | D:4      | Found Mazymuq's Antique Weapon Boutique.
  4444 | D:4      | Noticed a steam dragon
  4457 | D:4      | Killed a steam dragon
  4458 | D:4      | Reached XP level 7. HP: 66/66 MP: 6/6
  4520 | D:4      | Found a glowing silver altar of Zin.
  4597 | D:4      | Identified a scroll of acquirement
  4597 | D:4      | Acquired the amulet "Woiqil" {Reflect rElec SH+5}
  5172 | D:5      | Entered Level 5 of the Dungeon
  5354 | D:5      | Found an opulent altar of Gozag.
  5393 | D:5      | Found a sparkling altar of Nemelex Xobeh.
  5588 | D:5      | Found a radiant altar of Vehumet.
  5675 | D:5      | Found a staircase to the Ecumenical Temple.
  5681 | Temple   | Entered the Ecumenical Temple
  6144 | D:5      | Found a burning altar of Makhleb.
  6168 | D:6      | Reached XP level 8. HP: 75/75 MP: 7/7
  6210 | D:4      | Bought a runed war axe for 188 gold pieces
  6261 | D:6      | Noticed Eustachio
  6278 | D:6      | Killed Eustachio
  6419 | D:6      | Found a faded altar of an unknown god.
  6420 | D:6      | Found a faded altar of an unknown god.
  6421 | D:6      | Found a hazy altar of Hepliaklqana.
  6825 | D:7      | Reached skill level 10 in Fighting
  6825 | D:7      | Reached skill level 10 in Axes
  6851 | D:7      | Found an ornate altar of the Wu Jian Council.
  6892 | D:7      | Found a sacrificial altar of Ru.
  6928 | D:7      | Reached XP level 9. HP: 86/86 MP: 8/8
  7140 | D:7      | Found a hide-covered altar of Uskayaw.
  7326 | D:7      | Found a snail-covered altar of Cheibriados.
  7449 | D:8      | Noticed a troll
  7459 | D:8      | Killed a troll
  7704 | D:8      | Reached **** piety under Trog
  7898 | D:8      | Noticed a two-headed ogre
  7908 | D:8      | Killed a two-headed ogre
  7995 | D:8      | Noticed Amaemon
  7995 | D:8      | Noticed an orange demon
  8030 | D:8      | Killed an orange demon
  8031 | D:8      | Reached XP level 10. HP: 100/100 MP: 9/9
  8037 | D:8      | Killed Amaemon
  8155 | D:8      | Found Pizip's Antique Weapon Emporium.
  8672 | D:9      | Found a broken altar of Ashenzari.
  8947 | D:9      | You fall into a shaft and drop 3 floors!
  9235 | D:12     | Found a transporter.
  9242 | D:12     | Found a transporter.
  9454 | D:12     | Found a transporter.
  9470 | D:12     | Noticed a manticore
  9483 | D:12     | Killed a manticore
  9552 | D:11     | Reached XP level 11. HP: 86/111 MP: 10/10
  9588 | D:11     | Found a staircase to the Lair.
  9882 | D:10     | Entered Level 10 of the Dungeon
  9968 | D:9      | Reached skill level 15 in Fighting
  9974 | D:9      | Found a staircase to the Orcish Mines.
 10015 | D:9      | Reached skill level 15 in Axes
 10271 | D:9      | Found a transporter.
 10274 | D:9      | Found a transporter.
 10294 | D:9      | Found a transporter.
 10309 | D:9      | Found a transporter.
 10569 | D:10     | Found a shadowy altar of Dithmenos.
 10620 | D:10     | Identified the +5 leather armour of the Slorg {rC- rN+
                  | Int+5}
 10760 | D:10     | Reached ***** piety under Trog
 10862 | D:10     | Noticed Fannar
 10880 | D:10     | Killed Fannar
 10935 | D:10     | Identified the +5 long sword of Massacring {protect,
                  | Fragile rPois Dex+6 Stlth+}
 11119 | D:10     | Found a glowing golden altar of the Shining One.
 11244 | D:10     | Acquired a +0 vorpal battleaxe
 11509 | D:11     | Noticed a two-headed ogre
 11517 | D:11     | Killed a two-headed ogre
 12148 | D:11     | Noticed a two-headed ogre
 12154 | D:11     | Killed a two-headed ogre
 12213 | D:11     | Noticed a six-headed hydra
 12410 | D:11     | Killed a nine-headed hydra
 12709 | D:12     | Noticed an ettin
 12713 | D:12     | Reached XP level 12. HP: 124/124 MP: 11/11
 12719 | D:12     | Killed an ettin
 12756 | D:12     | Noticed an ettin
 12767 | D:12     | Killed an ettin
 13024 | D:12     | Found a transporter.
 13047 | D:12     | Found a transporter.
 13063 | D:12     | Found a transporter.
 13917 | D:12     | Gained mutation: You occasionally shout uncontrollably at
                  | your foes. [potion of mutation]
 13917 | D:12     | Gained mutation: You possess an exceptional clarity of
                  | mind. [potion of mutation]
 14101 | D:12     | Noticed an ettin
 14101 | D:12     | Noticed a frost giant
 14104 | D:12     | Noticed an ettin
 14116 | D:12     | Killed a frost giant
 14118 | D:12     | HP: 3/192 [ettin/+0 dire flail (16)]
 14128 | D:12     | HP: 3/128 [cyclops/large rock (23)]
 14544 | D:12     | Killed an ettin
 14712 | D:12     | Reached XP level 13. HP: 107/136 MP: 12/12
 14735 | D:12     | Killed an ettin
 14952 | D:12     | Found the +8 arc blade {discharge, rElec}
 14970 | D:12     | Found the +3 giant club "Skullcrusher" {speed, Str+7}
 14984 | D:12     | Identified the +7 scimitar "Guliy" {vorpal, rElec rPois
                  | Dex+4}
 15219 | Lair:1   | Entered Level 1 of the Lair of Beasts
 15261 | Lair:1   | Noticed Gastronok
 15276 | Lair:1   | Killed Gastronok
 15449 | Lair:1   | Reached skill level 1 in Throwing
 15645 | Lair:1   | You fall into a shaft and drop 1 floor!
 15999 | Lair:1   | Noticed Erica
 16009 | Lair:1   | Killed Erica
 16442 | Lair:2   | Noticed Sonja
 16463 | Lair:2   | Killed Sonja
 16837 | Lair:2   | Found a staircase to the Swamp.
 17023 | Lair:2   | Found a hole to the Spider Nest.
 17688 | Lair:3   | Reached skill level 5 in Armour
 17883 | Lair:3   | Reached skill level 5 in Dodging
 18776 | Lair:4   | Reached XP level 14. HP: 114/146 MP: 13/13
 18789 | Lair:4   | Reached skill level 1 in Evocations
 18842 | Lair:4   | Reached skill level 5 in Throwing
 19036 | Lair:4   | Found a staircase to the Slime Pits.
 19037 | Lair:4   | Found a viscous altar of Jiyva.
 19831 | Orc:1    | Entered Level 1 of the Orcish Mines
 20002 | Orc:2    | Entered Level 2 of the Orcish Mines
 20208 | Orc:1    | Noticed an orc warlord
 20268 | Orc:1    | Received a gift from Trog
 20288 | Orc:1    | Killed an orc warlord
 20818 | Orc:2    | Found Gyl Vufe's Distillery.
 20819 | Orc:2    | Found Piod's General Store.
 21082 | Orc:2    | Received a gift from Trog
 21613 | Orc:2    | Found a staircase to the Elven Halls.
 22098 | Orc:2    | Found Tocvoxt's Antique Armour Boutique.
 22098 | Orc:2    | Found a one-way gate leading to the halls of Pandemonium.
 22098 | Orc:2    | Found Cyvioget's Book Shop.
 22114 | Orc:2    | Bought a pair of embroidered gloves for 180 gold pieces
 22114 | Orc:2    | Bought a pair of glowing gloves for 180 gold pieces
 22329 | Orc:2    | Noticed an orc warlord
 22344 | Orc:2    | Killed an orc warlord
 22345 | Orc:2    | Reached XP level 15. HP: 155/155 MP: 14/14
 22501 | Orc:2    | Bought a potion of curing for 36 gold pieces
 22501 | Orc:2    | Bought a potion of curing for 36 gold pieces
 22501 | Orc:2    | Bought a potion of heal wounds for 60 gold pieces
 22501 | Orc:2    | Bought a potion of heal wounds for 60 gold pieces
 22501 | Orc:2    | Bought a potion of heal wounds for 60 gold pieces
 22501 | Orc:2    | Bought a potion of heal wounds for 60 gold pieces
 22501 | Orc:2    | Bought a potion of flight for 36 gold pieces
 22720 | Spider:1 | Entered Level 1 of the Spider Nest
 22730 | Spider:1 | Noticed an emperor scorpion
 23102 | Lair:2   | Received a gift from Trog
 23106 | Lair:2   | Killed an emperor scorpion
 24091 | Spider:1 | Noticed an emperor scorpion
 24102 | Spider:1 | Killed an emperor scorpion
 24695 | Spider:1 | Noticed an emperor scorpion
 24701 | Spider:1 | Reached skill level 5 in Evocations
 24714 | Spider:1 | Killed an emperor scorpion
 24968 | Spider:1 | Noticed Aizul
 24992 | Spider:1 | Killed Aizul
 25551 | Spider:1 | Identified the +0 dagger "Fyitieh" {vorpal, *Corrode Dex+6
                  | Stlth+}
 26710 | Spider:2 | Received a gift from Trog
 27452 | Spider:3 | Reached skill level 10 in Armour
 27643 | Spider:3 | Noticed Arachne
 27656 | Spider:3 | Reached XP level 16. HP: 163/165 MP: 15/15
 27685 | Spider:2 | Killed Arachne
 28788 | Spider:3 | Received a gift from Trog
 28965 | Spider:4 | Entered Level 4 of the Spider Nest
 29352 | Spider:4 | Reached skill level 10 in Dodging
 30572 | Spider:4 | Got a gossamer rune of Zot
 30579 | Spider:4 | Identified the +2 pair of gloves of the Eternal Void {rElec
                  | rC+ rCorr}
 30761 | Swamp:1  | Entered Level 1 of the Swamp
 31244 | Swamp:1  | Found a runed translucent door.
 31245 | Swamp:1  | Found a shimmering altar of Xom.
 31245 | Swamp:1  | Noticed Pegasus's ghost (adept OpFE)
 31245 | Swamp:1  | Identified the +1 quick blade of Sloth {chaos, Str+2}
 31263 | Swamp:1  | Killed Pegasus's ghost
 31296 | Swamp:1  | Noticed Louise
 31315 | Swamp:1  | Killed Louise
 32614 | Swamp:2  | Reached XP level 17. HP: 173/173 MP: 16/16
 33320 | Swamp:3  | Reached skill level 10 in Throwing
 34269 | Swamp:3  | Received a gift from Trog
 34551 | Swamp:4  | Entered Level 4 of the Swamp
 36853 | Swamp:4  | Got a decaying rune of Zot
 38475 | Elf:1    | Entered Level 1 of the Elven Halls
 38813 | Elf:1    | Received a gift from Trog
 38902 | Elf:1    | Identified the +0 scale mail of the Ward {Str+3}
 38992 | Elf:1    | Paralysed by an air elemental for 1 turns
 39454 | Elf:1    | Reached XP level 18. HP: 184/184 MP: 17/17
 41921 | Elf:2    | Found a runed translucent gate.
 41922 | Elf:2    | Found a runed translucent gate.
 41922 | Elf:2    | Found a runed translucent gate.
 41951 | Elf:3    | Entered Level 3 of the Elven Halls
 42357 | Elf:3    | Found Kotoucw's Jewellery Shop.
 42357 | Elf:3    | Found Waemulea's Jewellery Boutique.
 42361 | Elf:3    | Found Lucairph's Book Shop.
 42367 | Elf:3    | Bought the ring "Naasoaj" {rPois rCorr MP+9 Str-5 Dex+2}
                  | for 768 gold pieces
 42440 | Elf:3    | Found a radiant altar of Vehumet.
 42457 | Elf:3    | Paralysed by an air elemental for 1 turns
 42474 | Elf:3    | Reached ****** piety under Trog
 42787 | Elf:3    | Noticed a Brimstone Fiend
 43191 | Elf:3    | Identified the +1 falchion of Foul Odours {protect, rPois
                  | Int+2}
 43317 | Elf:3    | Received a gift from Trog
 43323 | Elf:3    | Noticed Bai Suzhen
 43338 | Elf:3    | Killed Bai Suzhen
 43339 | Elf:3    | Reached XP level 19. HP: 195/195 MP: 18/18
 43349 | Elf:3    | Killed from afar by a ghostly deep elf annihilator

Illustrated notes

Levels and vault maps discovered:
D:1:      eino_arrival_cavern_c, layout_loops_ring, basic_ecumenical_altar,
          st_stairs_13
D:2:      layout_loops_ring, minmay_split_cup_large, uniq_jessica, uniq_natasha
D:3:      layout_basic, nicolae_overflow_hidden_temple, serial_aquarium,
          aquarium_bridge_square [aquarium_subvault_wall,
          aquarium_subvault_wall, aquarium_subvault_bridge,
          aquarium_subvault_window], aquarium_bridge_square
          [aquarium_subvault_window, aquarium_subvault_bridge,
          aquarium_subvault_balcony, aquarium_subvault_window],
          aquarium_window_1, aquarium_window_1, aquarium_window_fake,
          aquarium_window_corridor_1, aquarium_view_2b, aquarium_pool_2
D:4:      layout_rooms, mainiacjoe_overflow_concentric_impassable, serial_shops,
          nicolae_shop_competitors_out_of_business
D:5:      layout_basic, nemelex_altar_shiori, vehumet_crystals,
          lemuel_coloured_pillars_altar, amcnicky_altar_gilded,
          minmay_temple_entry_fiery
D:6:      layout_basic, nicolae_hepliaklqana_ecumenical_no_more, minmay_holes,
          uniq_eustachio
D:7:      layout_basic, hangedman_ru_absence, mainiacjoe_overflow_boulevard,
          cheibriados_altar_1, nicolae_wu_jian_wuxing_cycle, minmay_circle_x
D:8:      layout_loops_ring, serial_shops, shop,
          minmay_fractal_squares_gapless_5, uniq_amaemon
D:9:      layout_rooms, mainiacjoe_overflow_brackets, erik_orc_1,
          chequers_hall_statues_y, nicolae_transporter_circle
D:10:     layout_irregular_city, mainiacjoe_overflow_alcove_2,
          nicolae_tso_swordbearing_angel, uniq_fannar
D:11:     layout_roguey [special_room_bee], lair_entry_dummy
D:12:     giant_chief_lemuel, layout_long_grid, serial_nicolae_subway,
          nicolae_sub_station_metal, nicolae_sub_station_stone,
          nicolae_sub_station_crystal
Temple:   nicolae_temple_colour_theory
Lair:1:   layout_hall_layers, grunt_megastairs_1, serial_bayou_shore_b,
          uniq_gastronok, uniq_erica
Lair:2:   layout_misc_corridors, minmay_swamp_entry_reptiles,
          spider_nest_entry_a, minmay_lindwurm_lava, uniq_sonja
Lair:3:   layout_misc_corridors
Lair:4:   layout_loops_ring, slime_entry_1, enter_volcano_1,
          grunt_forest_large_clearings
Swamp:1:  layout_basic_swamp, ebering_ghost_xom, infiniplex_staircase_pool_2,
          uniq_louise
Swamp:2:  layout_basic_swamp, evilmike_swamp_ruin_house_4, swamp_pool4,
          nicolae_swamp_stuck_in_the_mud
Swamp:3:  nicolae_swamp_long_stream, layout_basic_swamp,
          evilmike_swamp_ruin_house_1, swamp_pool5, statue_in_the_mist_lemuel
Swamp:4:  swamp_fiery, layout_basic_swamp
Spider:1: nicolae_spider_mines_2, hellmonk_deceptive_appearances, uniq_aizul
Spider:2: layout_spider_delve, special_room, spiders_nest_spider_trap
Spider:3: layout_spider_delve, uniq_arachne
Spider:4: hellmonk_spider_rune_endless_swarm, drop_trap, nicolae_orb_island
Orc:1:    layout_caves
Orc:2:    pf_orc_diabolical, layout_diamond_mine
Elf:1:    layout_gridlike, minmay_elf_sorcery, grunt_ministairs_15
Elf:2:    nicolae_elf_blades_crystal_corner, layout_gridlike
Elf:3:    minmay_elf_hall_curves, layout_gridlike, st_stairs_14,
          amethyst_killhole, grunt_ministairs_3, hangedman_feature_mirror,
          minmay_shop_star, grunt_megastairs_5, uniq_bai_suzhen

Skill      XL: |  1  2  3  4  5  6  7  8  9 10 11 12 13 14 15 16 17 18 |
---------------+-------------------------------------------------------+-----
Fighting       | 4 5 6 7 8 10 12 14 16 18 19 20 21 22 23 | 23.0
Axes           | 4 5 6 7 8 10 12 14 16 18 19 20 21 22 23 | 23.1
Throwing       | 4 6 8 9 11 12 | 12.5
Armour         | 5 8 10 11 13 14 | 14.8
Dodging        | 5 7 9 11 12 13 | 13.8
Evocations     | 4 6 |  6.0

Action                   |  1- 3 |  4- 6 |  7- 9 | 10-12 | 13-15 | 16-18 | 19-21 || total
-------------------------+-------+-------+-------+-------+-------+-------+-------++-------
Melee: Hand axe          |    63 |   143 |   111 |       |       |       |       ||   317
       Headbutt          |     7 |    24 |    46 |    80 |   256 |   284 |       ||   697
       Punch             |       |     1 |     6 |     2 |     8 |    10 |       ||    27
       War axe           |       |       |   152 |   167 |       |       |       ||   319
       Whip              |       |       |       |    89 |   469 |   342 |       ||   900
       Battleaxe         |       |       |       |   152 |   374 |     5 |       ||   531
       Executioner's axe |       |       |       |       |   190 |   790 |     1 ||   981
Throw: Dart              |       |       |     5 |       |       |       |     2 ||     7
       Boomerang         |       |       |       |       |       |   211 |       ||   211
       Javelin           |       |       |       |       |       |    33 |       ||    33
Invok: Berserk           |     2 |     6 |     5 |    10 |    14 |    14 |       ||    51
       Trog's Hand       |       |     1 |     1 |     1 |     9 |    12 |       ||    24
       Brothers in Arms  |       |       |       |     3 |     2 |     9 |       ||    14
Evoke: Condenser vane    |       |       |       |     1 |     2 |     1 |       ||     4
       Wand              |       |       |       |     1 |     1 |     3 |       ||     5
  Use: Scroll            |       |     7 |    12 |     7 |     7 |     4 |       ||    37
       Potion            |       |       |       |     8 |     5 |     8 |       ||    21
Armor: Animal skin       |     7 |       |       |       |       |       |       ||     7
       Leather armour    |     2 |    62 |   109 |    88 |       |       |       ||   261
       Chain mail        |       |       |       |   108 |   173 |       |       ||   281
       Plate armour      |       |       |       |       |   504 |   733 |     2 ||  1239
       Swamp dragon scal |       |       |       |       |       |    12 |       ||    12
Dodge: Dodged            |    39 |    72 |    95 |   158 |   434 |   447 |       ||  1245
Block: Other             |       |       |    47 |    88 |   217 |   209 |       ||   561
       Reflection        |       |       |       |     5 |     2 |    11 |       ||    18
